Map: Deathaura LE

Players

INnoVation

  • Race: Terran Terran
  • Spawn Location: 5:00

Reynor - Winner!

  • Race: Zerg Zerg
  • Spawn Location: 11:00

Event: DreamHack SC2 Masters 2020 Summer Season Finals

VOD

Have the link to the VOD?

Description

Time

  • Played on: July 18, 2020, 11:09 a.m.
  • Length: 9:39

All games in this series

Show
View Real Time Build Order
Export as new Build Order

INnoVation Terran 

Build Orders:  

Get SALT Encoding   

  12  0:00  SCV  
  13  0:13  SCV  
  14  0:17  Supply Depot  
  14  0:25  SCV  
  15  0:39  Barracks  
  15  0:51  Barracks  
  15  1:04  Barracks  
  15  1:08  SCV  
  17  1:26  Marine  
  17  1:35  Orbital Command  
  16  1:44  Marine  
  14  2:01  SCV  
  14  2:02  Marine x2  
  16  2:13  SCV  
  16  2:20  Marine x2  
  17  2:26  SCV  
  18  2:30  Supply Depot  
  18  2:37  Marine x2  
  18  2:38  SCV  
  19  2:52  Marine  
  19  2:53  SCV  
  19  2:55  Marine x2  
  20  3:08  SCV  
  20  3:10  Marine  
  20  3:13  Marine x2  
  21  3:20  SCV  
  21  3:21  Supply Depot  
  22  3:28  Marine  
  22  3:31  Marine x2  
  22  3:32  SCV  
  26  3:44  SCV  
  26  3:46  Marine  
  28  3:49  Marine x2  
  30  3:56  SCV  
  30  3:58  Command Center  
  31  4:06  Marine x3  
  33  4:12  SCV  
  33  4:16  Refinery  
  32  4:19  Refinery  
  32  4:24  Marine, SCV  
  32  4:25  Marine  
  32  4:29  Marine  
  35  4:36  SCV  
  35  4:37  Supply Depot  
  39  4:56  SCV  
  33  5:07  Factory  
  33  5:09  SCV  
  33  5:10  Orbital Command  
  33  5:21  SCV  
  34  5:28  Orbital Command  
  34  5:33  SCV  
  34  5:35  Command Center  
  35  5:45  SCV  
  36  5:52  Factory Reactor  
  36  5:55  Starport, SCV  
  37  5:57  SCV  
  38  6:07  SCV  
  38  6:09  SCV  
  40  6:17  Refinery  
  40  6:19  SCV  
  40  6:20  Refinery  
  40  6:21  SCV  
  35  6:33  Hellion x2, SCV  
  35  6:38  Starport Tech Lab  
  35  6:39  Fusion Core  
  32  6:45  Orbital Command, SCV  
  31  6:52  Orbital Command  
  31  6:55  Hellion x2  
  31  6:57  SCV  
  36  7:10  SCV x2  
  38  7:22  SCV x2  
  40  7:26  Battlecruiser  
  40  7:28  SCV  
  47  7:34  SCV x2  
  47  7:35  Refinery  
  47  7:36  Refinery  
  49  7:41  Weapon Refit  
  49  7:48  SCV x3  
  49  7:49  Hellion  
  49  7:50  Hellion  
  56  8:00  SCV x3  
  56  8:05  Supply Depot  
  59  8:10  Hellion  
  59  8:11  Hellion  
  59  8:12  SCV x3  
  66  8:16  Supply Depot  
  66  8:24  SCV x2  
  68  8:29  Orbital Command  
  68  8:30  Battlecruiser  
  74  8:35  Factory  
  74  8:39  Factory  
  74  8:41  SCV x2  
  76  8:44  Hellion x2  
  80  8:49  Supply Depot  
  80  8:53  SCV x2  
  82  8:57  Armory, SCV  
  82  8:58  Armory  
  83  9:05  SCV x2  
  83  9:09  Hellion x2, SCV  
  90  9:13  Refinery  
  90  9:17  SCV x2  
  90  9:18  Refinery  
  90  9:22  SCV, Factory Tech Lab  
  90  9:23  Factory Tech Lab  
Show
View Real Time Build Order
Export as new Build Order

Reynor Zerg - Winner!

Build Orders: Hatch First 

Get SALT Encoding   

  12  0:00  Drone  
  13  0:12  Overlord  
  13  0:17  Drone  
  14  0:30  Drone x2  
  16  0:47  Hatchery  
  15  0:52  Drone  
  15  0:55  Drone  
  17  0:58  Drone  
  18  1:15  Spawning Pool  
  17  1:21  Drone  
  18  1:28  Drone  
  19  1:45  Drone  
  20  1:48  Drone  
  20  1:53  Drone  
  22  2:09  Zergling x4  
  24  2:17  Zergling x4  
  26  2:24  Zergling x2  
  26  2:29  Zergling x2  
  28  2:38  Overlord  
  27  2:49  Zergling x4  
  27  2:57  Zergling x2  
  27  2:59  Zergling x2  
  28  3:11  Spine Crawler  
  26  3:14  Zergling x4  
  27  3:22  Drone x2  
  29  3:30  Queen  
  29  3:33  Zergling x2  
  32  3:34  Zergling x2  
  32  3:39  Overlord  
  33  3:43  Drone  
  33  3:45  Extractor  
  33  3:47  Drone x2  
  35  3:59  Drone  
  35  4:02  Drone x2  
  37  4:06  Queen  
  37  4:08  Drone x2  
  39  4:20  Overlord  
  39  4:21  Drone  
  40  4:30  Drone x2  
  41  4:33  Queen  
  42  4:41  Zergling x4, Spine Crawler  
  42  4:45  Queen  
  45  4:51  Zergling x2  
  46  4:53  Zergling x2  
  46  4:57  Metabolic Boost, Spine Crawler  
  46  5:03  Overlord  
  48  5:15  Overlord  
  48  5:20  Queen  
  50  5:21  Drone x2  
  50  5:23  Hatchery  
  50  5:24  Drone  
  52  5:30  Overlord  
  52  5:35  Zergling x6  
  55  5:37  Drone  
  55  5:38  Queen  
  58  5:43  Drone x2  
  58  5:46  Overlord  
  58  5:48  Zergling x2  
  58  5:49  Zergling x2  
  61  5:54  Drone x2  
  61  5:55  Zergling x2  
  64  5:57  Drone x2  
  66  6:06  Queen  
  66  6:08  Drone x2  
  70  6:19  Drone, Overlord  
  71  6:31  Drone x6  
  73  6:35  Drone x2, Queen  
  73  6:36  Queen  
  73  6:39  Drone  
  79  6:45  Lair  
  79  6:46  Drone x2  
  81  6:48  Drone, Spore Crawler  
  81  6:54  Extractor  
  81  6:55  Drone, Extractor  
  81  6:57  Extractor  
  81  6:59  Drone x2  
  79  7:02  Roach Warren  
  79  7:07  Overlord  
  79  7:08  Drone x4  
  82  7:09  Drone  
  82  7:11  Drone x2  
  82  7:12  Spore Crawler  
  82  7:13  Drone x2  
  86  7:15  Drone  
  86  7:16  Drone  
  86  7:19  Drone  
  86  7:21  Drone  
  90  7:26  Overlord  
  90  7:28  Spore Crawler  
  90  7:29  Queen  
  91  7:31  Drone x2  
  91  7:32  Spore Crawler  
  91  7:33  Hatchery  
  91  7:35  Extractor  
  91  7:36  Drone, Extractor  
  90  7:38  Drone x3  
  90  7:40  Overlord  
  90  7:42  Overseer  
  93  7:46  Spire  
  93  7:48  Glial Reconstitution  
  93  7:50  Drone  
  93  7:51  Drone x2  
  95  7:56  Roach x3  
  101  8:04  Roach x4, Spore Crawler  
  108  8:09  Drone x3  
  108  8:10  Overlord  
  111  8:14  Roach  
  111  8:15  Overlord  
  111  8:19  Overlord  
  113  8:26  Overlord  
  112  8:27  Queen  
  112  8:34  Overlord  
  114  8:48  Drone x3  
  114  8:49  Drone x2  
  114  8:53  Extractor  
  118  8:57  Corruptor x4  
  118  8:58  Corruptor x4  
  118  9:01  Roach x2  
  138  9:05  Overlord  
  138  9:09  Roach x3  
  137  9:19  Roach x4  
  137  9:23  Drone  
Tags
 
Add a new tag
Caveats
  • Supply blocks, unpowered buildings, or Contaminate may cause inaccurate times.
  • Supply counts are checked every 10 seconds.